 Dungeon Crawl Stone Soup version 0.30-a0-1160-g6e42c06551 (webtiles) character file.

Game seed: 10768847339480999359

225143 Newt the Warrior (level 18, -4/141 HPs)
             Began as a Demonspawn Gladiator on Apr 26, 2023.
             Was a High Priest of Hepliaklqana.
             Slain by a salamander
             ... wielding a +0 trident
              (12 damage)
             ... on level 4 of the Snake Pit.
             The game lasted 00:44:58 (26632 turns).

Newt the Warrior (Demonspawn Gladiator)            Turns: 26632, Time: 00:44:59

Health: -4/141     AC: 47    Str: 23    XL:     18   Next: 61%
Magic:  25/25      EV:  6    Int: 10    God:    Hepliaklqana [*****.]
Gold:   593        SH: 17    Dex: 20    Spells: 17/17 levels left

rFire   x x .        q - +8 Vampire's Tooth {megavamp}
rCold   x . .        P - +5 kite shield {rC+}
rNeg    + + .        j - +15 Maxwell's patent armour {-Cast -Tele rElec Will+ rCorr}
rPois   +            (helmet unavailable)
rElec   +            I - +1 cloak "Diwky" {rElec rC+ rCorr}
rCorr   +            g - +0 pair of gloves of Vanity {rC- rN+ Str+6 Slay+3}
SInv    .            m - +3 pair of seven-league boots {Rampage+∞}
Will    +++..        l - amulet of Elemental Vulnerability {rPois rF-- rC-- AC+8} Stlth
                     i - ring of poison resistance
HPRegen 0.43/turn    X - ring of positive energy
MPRegen 0.38/turn

%: no teleportation, no spellcasting, rampage+∞
@: mighty, lethally poisoned (-4 -> -5), constricted
A: reduced essence, horns 3, foul stench 2, torment resistance 1, magic
regeneration, sturdy frame 2, demonic willpower, mutation resistance 1
}: 1/15 runes: decaying
a: Renounce Religion, Recall Ancestor, Ancestor Identity, Transference, Idealise


You were on level 4 of the Snake Pit.
You worshipped Hepliaklqana.
Hepliaklqana was extremely pleased with you.
You visited 6 branches of the dungeon, and saw 27 of its levels.
You also visited: Sewer and Ice Cave.

You collected 2599 gold pieces.
You spent 2006 gold pieces at shops.

Inventory:

Hand Weapons
 q - the +8 Vampire's Tooth (weapon) {megavamp}
   (You acquired it on level 5 of the Dungeon)
 B - the +7 scimitar of Goadiuly {freeze, Int+2}
   (You found it on level 7 of the Dungeon)

   Int:       It affects your intelligence (+2).
Missiles
 d - 3 throwing nets
 e - 22 javelins
 o - 5 curare-tipped darts
 y - 27 poisoned darts
 F - 23 boomerangs (quivered)
Armour
 b - +0 fire dragon scales
 g - the +0 pair of gloves of Vanity (worn) {rC- rN+ Str+6 Slay+3}
   (You bought it in a shop on level 2 of the Orcish Mines)

   Str:       It affects your strength (+6).
   Slay:      It affects your accuracy & damage with ranged weapons and melee
   (+3).
   rC:        It makes you vulnerable to cold.
   rN:        It protects you from negative energy.
 j - the +15 Maxwell's patent armour (worn) {-Cast -Tele rElec Will+ rCorr}
   (You found it on level 7 of the Dungeon)

   rElec:     It insulates you from electricity.
   -Cast:     It prevents spellcasting.
   -Tele:     It prevents most forms of teleportation.
   rCorr:     It protects you from acid and corrosion.
   Will:      It increases your willpower.
 m - the +3 pair of seven-league boots (worn) {Rampage+∞}
   (You bought it in a shop on level 2 of the Dungeon)

   Rampage+∞: When moving toward enemies, its wearer moves as far as possible.
 I - the +1 cloak "Diwky" (worn) {rElec rC+ rCorr}
   (You bought it in a shop on level 2 of the Orcish Mines)

   rC:        It protects you from cold.
   rElec:     It insulates you from electricity.
   rCorr:     It protects you from acid and corrosion.
 P - a +5 kite shield of cold resistance (worn)
Jewellery
 i - a ring of poison resistance (left hand)
 l - the amulet of Elemental Vulnerability (around neck) {rPois rF-- rC-- AC+8}
   (You found it on level 2 of the Dungeon)

   [amulet of nothing]

   AC:        It affects your AC (+8).
   rF:        It makes you very vulnerable to fire.
   rC:        It makes you very vulnerable to cold.
   rPois:     It protects you from poison.
 W - a +6 ring of dexterity
 X - a ring of positive energy (right hand)
Wands
 p - a wand of flame (97)
 D - a wand of roots (21)
 J - a wand of polymorph (15)
 R - a wand of mindburst (10)
 S - a wand of paralysis (27)
 T - a wand of acid (5)
Scrolls
 r - 12 scrolls of teleportation
 s - 5 scrolls of enchant weapon
 u - 2 scrolls of brand weapon
 w - 2 scrolls of amnesia
 x - 5 scrolls of magic mapping
 z - 2 scrolls of poison
 A - 5 scrolls of fear
 H - 7 scrolls of blinking
 M - 2 scrolls of summoning
 U - 3 scrolls of silence
 V - a scroll of fog
 Z - 2 scrolls of enchant armour
Potions
 a - 3 potions of lignification
 f - 3 potions of ambrosia
 k - 2 potions of magic
 n - 5 potions of heal wounds
 t - 2 potions of might
 C - a potion of haste
 E - 3 potions of brilliance
 G - a potion of flight
 K - 14 potions of curing
 L - a potion of invisibility
 O - 2 potions of mutation
 Q - 4 potions of cancellation
 Y - 2 potions of resistance
Miscellaneous
 c - a phial of floods


   Skills:
 - Level 18.0 Fighting
 - Level 12.0 Short Blades
 - Level 0.7 Axes
 - Level 10.0 Throwing
 + Level 13.4 Armour
 - Level 2.6 Dodging
 - Level 10.0 Shields
 - Level 9.4 Invocations
 - Level 10.0 Evocations


You had 17 spell levels left.
You didn't know any spells.
Your spell library contained the following spells:

 Spells                   Type           Power      Damage    Failure   Level
 Freeze                   Ice            0%         1d3       95%         1
 Kiss of Death            Conj/Necr      0%         2d5       95%         1
 Necrotise                Necr           0%         1d4       95%         1
 Slow                     Hex            0%         N/A       95%         1
 Summon Small Mammal      Summ           0%         N/A       95%         1
 Ensorcelled Hibernation  Hex/Ice        0%         N/A       99%         2
 Scorch                   Fire           0%         2d5       99%         2
 Call Canine Familiar     Summ           0%         N/A       100%        3
 Confusing Touch          Hex            0%         N/A       100%        3
 Dazzling Flash           Conj/Hex       0%         N/A       100%        3
 Frozen Ramparts          Ice            0%         1d1       100%        3
 Hailstorm                Conj/Ice       0%         3d3       100%        3
 Ozocubu's Armour         Ice            0%         N/A       100%        3
 Portal Projectile        Hex/Tloc       0%         N/A       100%        3
 Spider Form              Tmut/Pois      0%         N/A       100%        3
 Stone Arrow              Conj/Erth      0%         3d7       100%        3
 Summon Guardian Golem    Hex/Summ       0%         N/A       100%        3
 Vampiric Draining        Necr           0%         2d6       100%        3
 Vhi's Electric Charge    Tloc/Air       0%         N/A       100%        3
 Volatile Blastmotes      Fire/Tloc      0%         2d10      100%        3
 Anguish                  Hex/Necr       0%         N/A       100%        4
 Animate Armour           Summ/Erth      0%         N/A       100%        4
 Dispel Undead            Necr           0%         3d6       100%        4
 Flame Wave               Conj/Fire      0%         2d4       100%        4
 Fulminant Prism          Conj/Hex       0%         3d5       100%        4
 Ice Form                 Ice/Tmut       0%         N/A       100%        4
 Iskenderun's Mystic Bla  Conj/Tloc      0%         2d3       100%        4
 Leda's Liquefaction      Hex/Erth       0%         N/A       100%        4
 Petrify                  Tmut/Erth      0%         N/A       100%        4
 Summon Ice Beast         Ice/Summ       0%         N/A       100%        4
 Agony                    Necr           0%         N/A       100%        5
 Arcjolt                  Conj/Air       0%         1d10      100%        5
 Lee's Rapid Deconstruct  Erth           0%         3d4*      100%        5
 Metabolic Englaciation   Hex/Ice        0%         N/A       100%        5
 Starburst                Conj/Fire      0%         6d3       100%        6
 Statue Form              Tmut/Erth      0%         N/A       100%        6
 Summon Cactus Giant      Summ           0%         N/A       100%        6
 Enfeeble                 Hex            0%         N/A       100%        7
 Malign Gateway           Summ/Tloc      0%         N/A       100%        7
 Ozocubu's Refrigeration  Ice            0%         4d7       100%        7
 Lehudib's Crystal Spear  Conj/Erth      0%         10d2      100%        8
 Maxwell's Capacitive Co  Air            0%         ∞         100%        8
 Summon Horrible Things   Summ           0%         N/A       100%        8


Dungeon Overview and Level Annotations

Branches:
Dungeon (11/15)            Temple (1/1) D:4            Lair (5/5) D:11
  Swamp (4/4) Lair:3        Snake (4/4) Lair:2          Orc (2/2) D:10
    Elf (0/3) Orc:2         Sewer (visited)           IceCv (visited)
  Slime: Lair:4-5

Altars:
Ashenzari
Cheibriados
Dithmenos
Fedhas
Gozag
Hepliaklqana
Kikubaaqudgha
Makhleb
Nemelex Xobeh
Okawaru
Qazlal
Ru
Sif Muna
Trog
Uskayaw
Vehumet
Wu Jian
Xom
Yredelemnul

Shops:
D:2 *   Orc:2 [*=[([[*(   Snake:2 =

Annotations:
D:5 3 runed translucent doors, bande's ghost, novice GrFi


Innate Abilities, Weirdness & Mutations

Your life essence is reduced to manifest your ancestor. (-10% HP)
You have a pair of large horns on your head.
You sometimes emit foul miasma when damaged in melee.
You are resistant to unholy torment.
You regenerate magic rapidly.
Your movements are less encumbered by armour. (ER -4)
You punish those that try to bend your will. (Will+)
You are somewhat resistant to further mutation.


Message History

The naga warrior roars a battlecry!
The salamander goes into a battle-frenzy!
Unknown command.
Unknown command.
You hit the naga sharpshooter but do no damage.
The naga sharpshooter is severely wounded.
You feel sick.
The naga is engulfed in dark miasma.
The naga hits you but does no damage. The naga constricts you.
The salamander hits you with a +0 trident!
* * * LOW HITPOINT WARNING * * *
You are engulfed in flames!!
The fire burns you terribly!
* * * LOW HITPOINT WARNING * * *
Unknown command.
You feel very mighty all of a sudden.
You feel sick.
The naga sharpshooter gestures wildly while chanting.
The naga sharpshooter magically shoots an arrow.
You block the arrow.
The naga warrior hits you but does no damage.
The naga is engulfed in dark miasma.
The naga seems to slow down.
The naga spits poison at you. The splash of poison misses you.
The splash of poison hits the salamander.
The naga constricts you.
The salamander hits you with a +0 trident.
* * * LOW HITPOINT WARNING * * *
You are engulfed in flames!!
The fire burns you terribly!
* * * LOW HITPOINT WARNING * * *
Unknown command.
Unknown command.
Unknown command.
You feel much better.
You feel sick.
The naga is no longer moving slowly.
The naga sharpshooter shoots an arrow.
You block the arrow. The naga warrior spits poison at you.
The splash of poison hits you. You resist.
* * * LOW HITPOINT WARNING * * *
The salamander hits you with a +0 trident!
* * * LOW HITPOINT WARNING * * *
You are engulfed in flames!
The fire burns you terribly!
You die...

.. ... #.# ...
#.##########
#..........##
#..)##)..#..##
.#..))†N..##..##
......).N@N###...##
...####)†NN.##.#..##
. ####.........##
......###..#
#.....####..#
..#...##....# #
######....# #......#
####....#.#


You could see a naga warrior (catching breath), a naga sharpshooter (strong,
catching breath), a salamander (strong) and 2 nagas.

Vanquished Creatures
  Saint Roka (Snake:4)
  A tentacled monstrosity (Swamp:3)
  2 thorn hunters
  Roxanne (Swamp:4)
  A nagaraja (Snake:3)
  A frost giant (IceCv)
  Louise (Snake:2)
  An orc warlord (Orc:2)
  An eleionoma (Swamp:1)
  2 bunyips
  An ettin (Orc:1)
  19 hydras
  A shambling mangrove (Swamp:2)
  8 anacondas
  8 alligators
  4 two-headed ogres
  A boulder beetle (D:11)
  Erica (D:11)
  12 death yaks
  7 shock serpents
  8 naga warriors
  Urug (Lair:4)
  3 orc high priests (Orc:2)
  4 naga sharpshooters
  Sonja (D:11)
  A salamander mystic (Snake:3)
  4 goliath frogs
  2 spriggan druids
  5 naga ritualists
  9 swamp dragons
  The ghost of Unforgiven the Basher, a novice GrFi (D:7)
  A lindwurm (Lair:2)
  10 bog bodies
  9 mana vipers
  4 orc knights
  5 orc sorcerers
  2 will-o-the-wisps
  An ugly thing (D:11)
  3 oklob plants (Lair:1)
  A manticore (Lair:5)
  2 cyclopes (Orc:1)
  3 salamanders
  A guardian serpent (Snake:4)
  11 elephants
  23 black mambas
  A torpor snail (Lair:4)
  An ice statue (IceCv)
  7 naga magi
  2 centaur zombies
  15 cane toads
  Psyche (D:8)
  2 gargoyles (D:11)
  An unseen horror zombie (D:10)
  4 komodo dragons
  4 rime drakes (IceCv)
  2 trolls
  6 tyrant leeches
  5 polar bears
  4 blink frogs (Lair:1)
  14 hornets
  7 dream sheep (Lair:5)
  The ghost of hgbash the Conjurer, an amateur DECj (D:4)
  8 spriggans
  4 wraiths
  3 vampires (D:10)
  Eustachio (D:6)
  Sigmund (D:3)
  A shadow (D:10)
  4 basilisks
  5 humans (D:8)
  46 yaks
  2 steam dragons (Lair:1)
  3 vampire mosquitoes (Swamp:1)
  10 swamp worms
  A warg (Snake:4)
  27 nagas
  An acid dragon (D:11)
  20 water moccasins
  6 swamp drakes
  27 orc warriors
  2 ice beasts
  6 sky beasts
  7 black bears
  6 centaurs
  6 ogres
  9 wolves (IceCv)
  2 phantoms
  11 bullfrogs
  A kobold brigand (D:9)
  2 gnoll sergeants
  8 scorpions
  A wyvern skeleton (D:4)
  11 killer bees (D:10)
  3 howler monkeys (D:8)
  3 electric eels
  6 hounds
  2 bullfrog zombies
  14 orc priests
  2 gnoll boudas
  4 iguanas
  22 orc wizards
  3 howler monkey zombies
  20 gnolls
  7 adders
  4 white imps
  3 ufetubi
  A dart slug (D:4)
  68 orcs
  6 endoplasms
  19 giant cockroaches
  2 goblins
  6 hobgoblins
  2 jackals (D:3)
  10 kobolds
  5 quokkas
  9 ball pythons
  3 bats
  11 frilled lizards
  5 rats
  A briar patch (Swamp:3)
749 creatures vanquished.

Vanquished Creatures (collateral kills)
  Donald (Swamp:2)
  An eleionoma (Swamp:2)
  A spriggan air mage (Swamp:2)
  4 naga warriors
  A naga sharpshooter (Snake:1)
  A shock serpent (Snake:4)
  A spriggan druid (Swamp:4)
  A swamp dragon (Swamp:4)
  A mana viper (Snake:2)
  An orc sorcerer (Orc:2)
  A salamander (Snake:2)
  6 black mambas
  A naga mage (Snake:4)
  A hornet (Swamp:2)
  A tyrant leech (Swamp:1)
  3 spriggans
  A vampire mosquito (Swamp:1)
  3 nagas (Snake:4)
  2 swamp drakes (Swamp:4)
  5 orc warriors
  A wolf (Orc:1)
  3 orc wizards
  5 orcs
46 creatures vanquished.

Vanquished Creatures (others)
  2 bloated husks
  6 hexers
  3 ancestors
  An orc wizard (Orc:2)
  An orc (Orc:2)
  A fire vortex (Orc:1)
  2 foxfires (Swamp:4)
  32 fungi
  57 plants
105 creatures vanquished.

Grand Total: 900 creatures vanquished

Notes
Turn   | Place    | Note
-------+----------+-------------------------------------------
     0 | D:1      | Newt the Demonspawn Gladiator began the quest for the Orb.
     0 | D:1      | Reached XP level 1. HP: 16/16 MP: 1/1
   452 | D:1      | Gained mutation: Your movements are slightly less
                  | encumbered by armour. (ER -2) [demonic ancestry]
   452 | D:1      | Reached XP level 2. HP: 23/23 MP: 2/2
   787 | D:2      | Reached skill level 3 in Fighting
   800 | D:2      | Found Pirew's Assorted Antiques.
   805 | D:2      | Bought a scroll labelled UKIUQOFOFA for 26 gold pieces
   818 | D:2      | Found the amulet of Elemental Vulnerability {rPois rF--
                  | rC-- AC+8}
  1059 | D:2      | Gained mutation: You regenerate magic rapidly. [demonic
                  | ancestry]
  1059 | D:2      | Reached XP level 3. HP: 29/29 MP: 3/3
  1743 | D:3      | Found a glowing drain.
  1768 | D:3      | Reached skill level 4 in Fighting
  1779 | Sewer    | Entered a sewer
  1802 | Sewer    | Reached skill level 1 in Armour
  1850 | Sewer    | Reached XP level 4. HP: 37/37 MP: 4/4
  2001 | Sewer    | Noticed a bullfrog
  2002 | Sewer    | Noticed a bullfrog
  2017 | Sewer    | Killed a bullfrog
  2018 | Sewer    | Reached XP level 5. HP: 20/42 MP: 5/5
  2318 | D:3      | You fall into a shaft and drop 2 floors!
  2318 | D:5      | Entered Level 5 of the Dungeon
  2454 | D:5      | Gained mutation: You have a pair of small horns on your
                  | head. [demonic ancestry]
  2454 | D:5      | Reached XP level 6. HP: 24/48 MP: 6/6
  2851 | D:5      | Found a runed translucent gate.
  2852 | D:5      | Found a runed translucent gate.
  2852 | D:5      | Found a runed translucent gate.
  2854 | D:5      | Noticed bande's ghost (novice GrFi)
  2971 | D:5      | Reached XP level 7. HP: 45/55 MP: 7/7
  3032 | D:5      | Reached skill level 5 in Fighting
  3549 | D:5      | Reached skill level 6 in Fighting
  3713 | D:5      | Identified a scroll of acquirement
  3713 | D:5      | Acquired the +8 Vampire's Tooth {megavamp}
  3713 | D:5      | Found the +8 Vampire's Tooth {megavamp}
  3806 | D:6      | Identified the +2 scale mail of Fallacy {rF+ rC+ Dex-3}
  4033 | D:6      | Noticed Eustachio
  4067 | D:6      | Killed Eustachio
  4068 | D:6      | Gained mutation: You may rarely emit foul miasma when
                  | damaged in melee. [demonic ancestry]
  4068 | D:6      | Reached XP level 8. HP: 64/64 MP: 8/8
  4095 | D:6      | Reached skill level 5 in Short Blades
  4992 | D:7      | Gained mutation: You have a pair of horns on your head.
                  | [demonic ancestry]
  4992 | D:7      | Reached XP level 9. HP: 69/69 MP: 9/9
  5091 | D:7      | Found a transporter.
  5102 | D:7      | Noticed a troll
  5128 | D:7      | Identified the +7 scimitar of Goadiuly {freeze, Int+2}
  5136 | D:7      | Found the +15 Maxwell's patent armour {-Cast -Tele rElec
                  | Will+ rCorr}
  5137 | D:7      | Noticed a two-headed ogre
  5139 | D:7      | Noticed Unforgiven's ghost (novice GrFi)
  5140 | D:7      | Found a transporter.
  5189 | D:7      | Killed a two-headed ogre
  5190 | D:7      | Reached skill level 5 in Armour
  5199 | D:7      | Killed a troll
  5334 | D:7      | Killed Unforgiven's ghost
  5738 | D:7      | Gained mutation: Your movements are less encumbered by
                  | armour. (ER -4) [demonic ancestry]
  5738 | D:7      | Reached XP level 10. HP: 76/76 MP: 10/10
  5741 | D:7      | Found a basalt altar of Yredelemnul.
  5880 | D:8      | Noticed Psyche
  5903 | D:8      | Killed Psyche
  5958 | D:8      | Reached skill level 5 in Throwing
  6543 | D:9      | Reached skill level 7 in Fighting
  6939 | D:9      | Reached skill level 8 in Fighting
  7070 | D:9      | Noticed a two-headed ogre
  7086 | D:9      | Killed a two-headed ogre
  7087 | D:9      | Reached XP level 11. HP: 87/87 MP: 11/11
  7263 | D:10     | Entered Level 10 of the Dungeon
  7297 | D:10     | Reached skill level 9 in Fighting
  7741 | D:10     | Reached skill level 10 in Fighting
  7803 | D:10     | Noticed a two-headed ogre
  7816 | D:10     | Killed a two-headed ogre
  8186 | D:10     | Found a radiant altar of Vehumet.
  8193 | D:10     | Found a shadowy altar of Dithmenos.
  8195 | D:10     | Found a sparkling altar of Nemelex Xobeh.
  8197 | D:10     | Found a hide-covered altar of Uskayaw.
  8269 | D:10     | Found a staircase to the Orcish Mines.
  8720 | D:11     | Noticed a boulder beetle
  8806 | D:11     | Killed a boulder beetle
  9007 | D:11     | Noticed Sonja
  9041 | D:11     | Killed Sonja
  9137 | D:11     | Noticed a green ugly thing
  9282 | D:11     | Noticed a two-headed ogre
  9293 | D:11     | Killed a two-headed ogre
  9294 | D:11     | Reached skill level 10 in Armour
  9434 | D:11     | Noticed Erica
  9453 | D:11     | Killed Erica
  9544 | D:11     | Killed a green ugly thing
  9687 | D:11     | Found a staircase to the Lair.
 10095 | Lair:1   | Entered Level 1 of the Lair of Beasts
 10095 | Lair:1   | Noticed an oklob plant
 10149 | Lair:1   | Reached XP level 12. HP: 97/97 MP: 12/12
 10482 | Lair:1   | Reached skill level 1 in Evocations
 10928 | Lair:1   | Reached skill level 5 in Evocations
 11123 | Lair:1   | Identified the staff of conjuration "Ciwig" {rC- rN+ Int+4
                  | Stlth+}
 11713 | Lair:2   | Found a staircase to the Snake Pit.
 12533 | Lair:2   | Reached XP level 13. HP: 103/103 MP: 13/13
 12555 | Lair:2   | Reached skill level 10 in Evocations
 13116 | Lair:3   | Found a staircase to the Swamp.
 13278 | Lair:3   | Reached skill level 11 in Fighting
 13910 | Lair:4   | Reached skill level 12 in Fighting
 14339 | Lair:4   | Noticed Urug
 14378 | Lair:4   | Killed Urug
 14835 | Lair:4   | Reached skill level 13 in Fighting
 15133 | Lair:5   | Entered Level 5 of the Lair of Beasts
 15326 | Lair:5   | Reached skill level 14 in Fighting
 15706 | D:4      | Found a staircase to the Ecumenical Temple.
 15709 | D:4      | Identified the +3 trident "Dyjona" {drain, rCorr Int+3}
 15714 | Temple   | Entered the Ecumenical Temple
 15785 | Temple   | Became a worshipper of Hepliaklqana the Forgotten
 16143 | D:4      | Found a runed translucent gate.
 16143 | D:4      | Found a runed translucent gate.
 16143 | D:4      | Found a runed translucent gate.
 16144 | D:4      | Noticed hgbash's ghost (amateur DECj)
 16273 | D:4      | Killed hgbash's ghost
 16458 | Orc:1    | Entered Level 1 of the Orcish Mines
 16606 | Orc:1    | Found a frozen archway.
 16615 | IceCv    | Entered an ice cave
 16742 | IceCv    | Gained mutation: You have a pair of large horns on your
                  | head. [demonic ancestry]
 16742 | IceCv    | Reached XP level 14. HP: 120/120 MP: 14/14
 17088 | IceCv    | Reached skill level 10 in Short Blades
 17233 | IceCv    | Noticed a frost giant
 17261 | IceCv    | Killed a frost giant
 17479 | IceCv    | Reached * piety under Hepliaklqana
 18027 | Orc:2    | Entered Level 2 of the Orcish Mines
 18027 | Orc:2    | Found Moonumia's Antique Armour Shop.
 18027 | Orc:2    | Found a staircase to the Elven Halls.
 18277 | Orc:2    | Noticed an orc warlord
 18679 | Orc:2    | Found Xufadim's General Store.
 18752 | Orc:2    | Killed an orc warlord
 18755 | Orc:2    | Found Hyett's Antique Armour Shoppe.
 18796 | Orc:2    | Found Toxume's Armour Boutique.
 19098 | Orc:2    | Found Ymu Kea's Antique Armour Shoppe.
 19165 | Orc:2    | Bought the +1 cloak "Diwky" {rElec rC+ rCorr} for 397 gold
                  | pieces
 19187 | Orc:2    | Found Madoc's Jewellery Boutique.
 19238 | Orc:2    | Found Peus Lae's General Store.
 19266 | Orc:2    | Found Isag's Antique Weapon Boutique.
 19420 | Orc:2    | Reached ** piety under Hepliaklqana
 19421 | Orc:2    | Remembered your ancestor Thamphthis as a hexer
 19635 | Orc:2    | Bought a glowing scarf for 192 gold pieces
 19740 | Orc:2    | Found Hiedialo's Antique Weapon Emporium.
 19746 | Orc:2    | Bought a pair of faintly humming gloves for 351 gold pieces
 19746 | Orc:2    | Identified the +0 pair of gloves of Vanity {rC- rN+ Str+6
                  | Slay+3} (You bought it in a shop on level 2 of the Orcish
                  | Mines)
 20003 | Swamp:1  | Entered Level 1 of the Swamp
 20359 | Swamp:1  | Reached skill level 10 in Throwing
 20598 | Swamp:2  | Reached skill level 1 in Shields
 20628 | Swamp:2  | Noticed Donald
 20636 | Swamp:2  | Killed Donald
 20816 | Swamp:2  | Gained mutation: You punish those that try to bend your
                  | will. (Will+) [demonic ancestry]
 20816 | Swamp:2  | Reached XP level 15. HP: 113/113 MP: 15/15
 20866 | Swamp:2  | Reached skill level 5 in Shields
 21242 | D:3      | Found a blossoming altar of Fedhas.
 21242 | D:3      | Found a broken altar of Ashenzari.
 21242 | D:3      | Found a burning altar of Makhleb.
 21243 | D:3      | Reached *** piety under Hepliaklqana
 21246 | D:3      | Found an ancient bone altar of Kikubaaqudgha.
 21352 | D:3      | Found a sacrificial altar of Ru.
 21551 | D:3      | Noticed Sigmund
 21557 | D:3      | Killed Sigmund
 21822 | D:2      | Bought the +3 pair of seven-league boots {Rampage+∞} for
                  | 1040 gold pieces
 21822 | D:2      | Found the +3 pair of seven-league boots {Rampage+∞}
 22393 | Swamp:3  | Noticed a tentacled monstrosity
 22419 | Swamp:3  | Killed a tentacled monstrosity
 22445 | Swamp:3  | Noticed a thorn hunter
 22468 | Swamp:3  | Killed a thorn hunter
 22612 | Swamp:3  | Gained mutation: You sometimes emit foul miasma when
                  | damaged in melee. [demonic ancestry]
 22612 | Swamp:3  | Reached XP level 16. HP: 119/119 MP: 16/16
 22613 | Swamp:3  | Reached skill level 5 in Invocations
 22613 | Swamp:3  | Gained mutation: You are resistant to unholy torment.
                  | [demonic ancestry]
 22613 | Swamp:3  | Reached XP level 17. HP: 125/125 MP: 16/21
 22655 | Swamp:4  | Entered Level 4 of the Swamp
 22678 | Swamp:4  | Reached skill level 10 in Shields
 22828 | Swamp:4  | Reached **** piety under Hepliaklqana
 23472 | Swamp:4  | Noticed Roxanne
 23511 | Swamp:4  | Killed Roxanne
 23512 | Swamp:4  | Reached skill level 15 in Fighting
 23651 | Swamp:4  | Identified the +5 plate armour of Burghit {rN+ SInv}
 23739 | Swamp:4  | Got a decaying rune of Zot
 24047 | Snake:1  | Entered Level 1 of the Snake Pit
 24368 | Snake:1  | Reached skill level 16 in Fighting
 24529 | Snake:1  | Reached XP level 18. HP: 136/136 MP: 25/25
 24924 | Snake:2  | Noticed Louise
 24956 | Snake:2  | Killed Louise
 25042 | Snake:2  | Reached skill level 17 in Fighting
 25056 | Snake:2  | Gained mutation: You are somewhat resistant to further
                  | mutation. [potion of mutation]
 25093 | Snake:2  | Identified the +4 trident of Ignis's Benevolence {freeze,
                  | rC+ Str+3}
 25258 | Snake:2  | Found Gyshao's Jewellery Shop.
 25433 | Snake:3  | Reached ***** piety under Hepliaklqana
 25973 | Snake:3  | Reached skill level 18 in Fighting
 26365 | Snake:3  | Identified the +1 chain mail "Xeviobra" {Rampage rElec
                  | rCorr Str+4}
 26426 | Snake:4  | Entered Level 4 of the Snake Pit
 26487 | Snake:4  | Noticed Saint Roka
 26561 | Snake:4  | Killed Saint Roka
 26631 | Snake:4  | HP: 1/141 [salamander/+0 trident (19)]
 26632 | Snake:4  | Slain by a salamander

Illustrated notes

Levels and vault maps discovered:
D:1:      wheals_arrival_shading, layout_basic
D:2:      layout_basic, serial_shops, shop
D:3:      layout_loops_ring, nicolae_overflow_hidden_temple,
          nicolae_ru_sacrificial_ziggurat, gup_sewer_entry_pipe, uniq_sigmund
D:4:      layout_basic, minmay_temple_entry_butterflies,
          gammafunk_ghost_necromancy, st_stairs_3,
          minmay_a_box_with_orc_wizards_in_it
D:5:      layout_loops_ring, ebering_ghost_rock_garden
D:6:      layout_cave_pods, minivault_1, due_unseen_surprise, uniq_eustachio
D:7:      layout_cave_pools, lemuel_zombie_altar_yredelemnul, nzn_ghost_randoct,
          nicolae_elevator_lobby_asterisk
D:8:      layout_cave_pools, minmay_ruffians, uniq_psyche
D:9:      layout_irregular_city, billiards_dpeg
D:10:     layout_basic, chequers_temple_overflow_minitemple, orc_0_dummy,
          serial_undead, serial_undead_d, serial_undead_c, serial_undead_c,
          serial_undead_b, eino_jars
D:11:     layout_stronghold, david_lair_shrubbed, kennysheep_opposing_triangles,
          uniq_erica, uniq_sonja
Temple:   eino_temple_lava
Lair:1:   minmay_lair_oklob_chamber, layout_loops_ring, serial_bayou,
          serial_bayou_lake_a, serial_bayou_pond_a, serial_bayou_pond_d,
          serial_bayou_pond_e, serial_bayou_lagoon_b, serial_bayou_pond_c
Lair:2:   layout_chaotic_city, minmay_snake_entry_six_corridors,
          grunt_megastairs_4
Lair:3:   layout_loops_ring, skrybe_swamp_entry_bodies,
          chequers_serial_rivers_large_a
Lair:4:   layout_regular_city, pdpol_lair_cavern_descent, uniq_urug
Lair:5:   evilmike_catoblepas_cave, layout_long_grid, slime_entry_1,
          minivault_25
Swamp:1:  nicolae_swamp_decorative_isthmus, layout_basic_swamp,
          evilmike_swamp_ruin_house_4, swamp_pool3, infiniplex_staircase_pool
Swamp:2:  layout_basic_swamp, evilmike_swamp_ruin_rubble_2, uniq_donald
Swamp:3:  layout_falls_marsh, serial_swamp_ruin, evilmike_swamp_ruin_house_1,
          evilmike_swamp_ruin_rubble_1
Swamp:4:  grunt_swamp_rune_castle, layout_basic_swamp, uniq_roxanne
Snake:1:  layout_gridlike, serial_bayou_pond_d,
          nicolae_snake_snakes_in_the_grass
Snake:2:  layout_rooms, serial_shops, nicolae_shop_hallway_plus, uniq_louise
Snake:3:  layout_grid_maze
Snake:4:  snake_pit_salamanders_mu, layout_misc_corridors,
          nicolae_snake_dead_anacondas, minmay_shoptagon, uniq_asterion,
          uniq_saint_roka
Orc:1:    giant_chief_lemuel, layout_diamond_mine,
          portal_ice_cave_entry_pillars_2
Orc:2:    grunt_orc_gardens, layout_caves, grunt_orc_garden, grunt_orc_garden,
          grunt_orc_garden, grunt_orc_garden, basic_altar, serial_shops, shop,
          shop, shop, shop_statue, shop, minmay_orc_barracks

Skill      XL: |  1  2  3  4  5  6  7  8  9 10 11 12 13 14 15 16 17 18 |
---------------+-------------------------------------------------------+-----
Fighting       | 3 4 6 8 10 14 16 18 | 18.0
Armour         | 1 3 4 7 8 11 12 13 | 13.4
Throwing       | 2 4 7 10 | 10.0
Short Blades   | 4 8 9 12 | 12.0
Evocations     | 9 10 | 10.0
Shields        | 3 9 10 | 10.0
Invocations    | 5 9 |  9.4
Axes           | |  0.7
Dodging        | |  2.6

Action                     |  1- 3 |  4- 6 |  7- 9 | 10-12 | 13-15 | 16-18 || total
---------------------------+-------+-------+-------+-------+-------+-------++-------
  Melee: Rapier            |   146 |   208 |    16 |       |       |       ||   370
         Punch             |     2 |     4 |     8 |    36 |    19 |       ||    69
         Headbutt          |       |    15 |    66 |   382 |   549 |   340 ||  1352
         Quick blade       |       |       |   350 |  1425 |  1712 |  1103 ||  4590
         War axe           |       |       |    33 |       |       |       ||    33
  Throw: Javelin           |     2 |     3 |       |    10 |       |       ||    15
         Dart              |       |     3 |       |       |     3 |       ||     6
         Throwing net      |       |     2 |     1 |     5 |       |       ||     8
         Boomerang         |       |       |     5 |    18 |    83 |       ||   106
 Invoke: Ancestor Life: He |       |       |       |       |     1 |       ||     1
         Recall Ancestor   |       |       |       |       |       |     1 ||     1
         Idealise          |       |       |       |       |       |     1 ||     1
  Evoke: Wand              |       |       |       |    23 |     8 |     1 ||    32
         Phial of floods   |       |       |       |       |       |     1 ||     1
    Use: Scroll            |     5 |       |     2 |    15 |    11 |     3 ||    36
         Potion            |       |       |     3 |       |     5 |     6 ||    14
   Stab: Held in net/web   |       |     2 |     2 |       |       |       ||     4
         Paralysed         |       |       |       |       |     6 |    26 ||    32
         Distracted        |       |       |       |       |    11 |     8 ||    19
         Confused          |       |       |       |       |     2 |    10 ||    12
 Armour: Leather armour    |    13 |       |       |       |       |       ||    13
         Scale mail        |    74 |   105 |   120 |       |       |       ||   299
         Skin              |       |       |     9 |       |       |       ||     9
         Plate armour      |       |       |     3 |   601 |   563 |   415 ||  1582
  Dodge: Dodged            |   109 |   143 |   102 |   295 |   315 |   166 ||  1130
  Block: Kite shield       |       |       |       |       |   271 |   616 ||   887

Table legend: (Time is in decaauts)
 A = Elapsed time spent in this place.
 B = Non-inter-level travel time spent in this place.
 C = Inter-level travel time spent in this place.
 D = Time resting spent in this place.
 E = Time spent auto-exploring this place.
 F = Levels seen in this place.
 G = Mean time per level.
                   A        B        C        D        E       F      G
               +--------+--------+--------+--------+--------+-----+--------+
         Total |  24029 |  22178 |   1851 |   3467 |  14185 |  29 |  828.6 |
       Dungeon |  10688 |   9628 |   1060 |   1283 |   6665 |  11 |  971.6 |
        Temple |     80 |     68 |     12 |      0 |     64 |   1 |   80.0 |
          Lair |   4784 |   4381 |    403 |    607 |   2960 |   5 |  956.8 |
         Swamp |   2667 |   2444 |    223 |    352 |   1481 |   4 |  666.8 |
     Snake Pit |   2162 |   2094 |     68 |      0 |   1639 |   4 |  540.5 |
  Orcish Mines |   2253 |   2171 |     82 |    690 |    987 |   2 | 1126.5 |
         Sewer |    556 |    556 |      0 |    201 |    130 |   1 |  556.0 |
      Ice Cave |    836 |    836 |      0 |    333 |    258 |   1 |  836.0 |
               +--------+--------+--------+--------+--------+-----+--------+

Top non-repeatable levels by time:
     D:5: 1557 daAuts
    D:10: 1323 daAuts
    D:11: 1318 daAuts
  Lair:1: 1316 daAuts
   Orc:1: 1141 daAuts
  Lair:4: 1124 daAuts
   Orc:2: 1111 daAuts
  Lair:3: 1104 daAuts
  Lair:2: 1102 daAuts
     D:7: 1028 daAuts
     D:2: 957 daAuts
     D:6: 947 daAuts
 Snake:3: 911 daAuts
   IceCv: 836 daAuts
 Swamp:4: 823 daAuts
